 Dungeon Sprint DCSS version 0.31-a0-37-g98a128e1d9 (webtiles) character file.

Game seed: 13527675710380639086

2379 sircluck the Grappler (level 9, 0/101 HPs)
             Began as a Troll Berserker on May 15, 2023.
             Was the Champion of Trog.
             Shot with a bolt by a yaktaur (32 damage)
             ... in the Dungeon (Sprint II: "The Violet Keep of Menkaure").
             The game lasted 00:02:19 (291 turns).

sircluck the Grappler (Troll Berserker)              Turns: 291, Time: 00:02:20

Health: 0/101      AC:  3    Str: 31    XL:     9   Next: 22%
Magic:  8/8        EV: 12    Int:  3    God:    Trog [******]
Gold:   341        SH:  0    Dex:  9    Spells: 8/8 levels left

rFire   + .          .
                       - Unarmed
rCold   + . .        (no shield)
rNeg    . . .        a - +0 animal skin
rPois   .            (helmet restricted)
rElec   .            (no cloak)
rCorr   .            (gloves unavailable)
SInv    .            (boots unavailable)
Will    .....        h - amulet of Ohed {Faith Fly rF+ rC+}
Stlth   +            (no ring)
HPRegen 1.16/turn    (no ring)
MPRegen 0.11/turn

%: no teleportation, faith
@: lethally poisoned (0 -> -1), flying
A: large, unfitting armour, claws 3, regeneration 1, shaggy fur 1, tough skin 1,
deformed body
a: Renounce Religion, Berserk, Trog's Hand, Brothers in Arms


You were in the Dungeon.
You worshipped Trog.
Trog was exalted by your worship.
You visited 1 branch You collected 972 gold pieces.
You spent 631 gold pieces at shops.

Inventory:

Armour
 a - a +0 animal skin (worn)
Jewellery
 h - the amulet of Ohed (around neck) {Faith Fly rF+ rC+}
   (You bought it in a shop in the Dungeon)

   [amulet of faith]

   It allows you to gain divine favour quickly.
   rF:        It protects you from fire.
   rC:        It protects you from cold.
   Fly:       It grants you flight.
Scrolls
 g - a scroll of blinking
Potions
 b - a potion of curing
 c - a potion of heal wounds
 d - a potion of haste
 e - 2 potions of magic
 f - a potion of berserk rage


   Skills:
 + Level 9.9 Fighting
 + Level 10.4 Dodging
 + Level 13.7 Unarmed Combat


You had 8 spell levels left.
You didn't know any spells.
Your spell library was empty.

Dungeon Overview and Level Annotations

Branches:
Dungeon (1/1)

Altars:
Cheibriados
Dithmenos
Elyvilon
Fedhas
Gozag
Hepliaklqana
Kikubaaqudgha
Makhleb
Qazlal
Ru
Sif Muna
Trog
Uskayaw
Wu Jian
Xom
Yredelemnul
Zin
The Shining One
Jiyva
Lugonu

Shops:
D =:?*=!??[?(![:!

Annotations:
D exclusion: oklob plant, Roxanne


Innate Abilities, Weirdness & Mutations

You are too large for most types of armour.
You have claws for hands.
Your natural rate of healing is unusually fast.
You are covered in fur. (AC +1)
You have tough skin. (AC +1)
Armour fits poorly on your strangely shaped body.


Message History

You closely miss the polar bear.
The polar bear is heavily wounded.
The polar bear bites you. The polar bear closely misses you.
The polar bear claws you.
You mangle the polar bear!!
You kill the polar bear!
Trog accepts your kill.
You have reached level 9!
Your experience leads to an increase in your attributes!
Increase (S)trength, (I)ntelligence, or (D)exterity?
You feel stronger. x3
You barely miss the hornet. The hornet stings you.
You feel yourself slow down.
You scratch the hornet.
The hornet is lightly wounded.
You feel yourself speed up. The hornet barely misses you.
The hornet stings you but does no damage.
You mangle the hornet!!
The hornet is heavily wounded.
The hornet closely misses you.
You claw the hornet!
The hornet is almost dead.
The hornet stings you!
You are poisoned.
You feel yourself slow down.
You miss the hornet.
The hornet is almost dead.
You feel yourself speed up.
You feel very sick. The hornet stings you!
You feel yourself slow down. The hornet closely misses you.
You claw the hornet!
You kill the hornet!
Trog accepts your kill.
You feel sick.
You feel yourself speed up.
You feel sick.
The yaktaur wields a +1 arbalest of flaming.
It bursts into flame!
The yaktaur shoots a bolt.
The bolt hits you!!
You die...

+++## ....# ##..# #.
.##.#### +.### ..#....#
^..#### .####..##
#..##.# ###.##..#
+..#.c# ##†..#..#
#..#..#
.'##.'..####..##@#▓)
##†..#....###...##▓▓▓
###.##......~~~~~~~~~~~
.####~~..§..~#+########
..#~~~~~~~..~#.._._._.#
###~~~§~~§~.~#._._._..#
##~~~§≈≈§§§~~#_._._._.#
~~§~~~≈§§≈§~§#._._._._#
+++#~≈≈≈§≈§≈~#.._._._.#


You could see a yaktaur.

Vanquished Creatures
  A merfolk siren (D)
  A hornet (D)
  3 polar bears (D)
  4 neqoxecs (D)
  Menkaure (D)
  2 water moccasins (D)
  4 necrophages (D)
  4 scorpions (D)
20 creatures vanquished.

Notes
Turn   | Place    | Note
-------+----------+-------------------------------------------
     0 | D        | sircluck the Troll Berserker began the quest for the Orb.
     0 | D        | Reached XP level 1. HP: 22/22 MP: 0/0
     1 | D        | Noticed a merfolk siren
    11 | D        | Killed a merfolk siren
    12 | D        | Reached skill level 8 in Unarmed Combat
    12 | D        | Reached XP level 2. HP: 28/37 MP: 1/1
    12 | D        | Reached XP level 3. HP: 34/45 MP: 2/2
    12 | D        | Reached XP level 4. HP: 40/53 MP: 3/3
    12 | D        | Reached XP level 5. HP: 47/61 MP: 4/4
    12 | D        | Reached XP level 6. HP: 52/68 MP: 5/5
    40 | D        | Noticed Menkaure
    44 | D        | Reached ** piety under Trog
    44 | D        | Noticed a water moccasin
    50 | D        | Killed a water moccasin
    51 | D        | Reached skill level 9 in Unarmed Combat
    53 | D        | Killed Menkaure
    53 | D        | Reached *** piety under Trog
    54 | D        | Reached XP level 7. HP: 33/79 MP: 6/6
    58 | D        | Reached skill level 10 in Unarmed Combat
    89 | D        | Found Epheug's Book Boutique.
    89 | D        | Found Wuhan's Distillery.
    91 | D        | Found Lets's Distillery.
    91 | D        | Found Ymeogeur's Antique Armour Shop.
    93 | D        | Found Eleofets's Antique Armour Shop.
    93 | D        | Found Geczid Ryty's Magic Scroll Boutique.
    93 | D        | Found Weywaud's Magic Scroll Boutique.
    93 | D        | Found Qemept Diat's Antique Weapon Shop.
    95 | D        | Found Seskaica's Distillery.
    95 | D        | Found Killithreonna's Magic Scroll Boutique.
    95 | D        | Found Ilecwes's Jewellery Shop.
   100 | D        | Found Doyrgh's General Store.
   100 | D        | Found Kukol's Magic Scroll Shop.
   100 | D        | Noticed an oklob plant
   102 | D        | Noticed a neqoxec
   105 | D        | Killed a neqoxec
   105 | D        | Reached **** piety under Trog
   108 | D        | Noticed a neqoxec
   110 | D        | Killed a neqoxec
   110 | D        | Noticed a neqoxec
   111 | D        | Reached skill level 11 in Unarmed Combat
   111 | D        | Reached XP level 8. HP: 82/89 MP: 7/7
   113 | D        | Gained mutation: Armour fits poorly on your strangely
                  | shaped body. [a neqoxec]
   126 | D        | Found Eluotulaeq's Jewellery Boutique.
   126 | D        | Found Zufad's Book Shoppe.
   142 | D        | Bought the amulet of Ohed {Faith Fly rF+ rC+} for 631 gold
                  | pieces
   167 | D        | Reached ***** piety under Trog
   174 | D        | Reached skill level 12 in Unarmed Combat
   201 | D        | Noticed Roxanne
   211 | D        | Noticed an ice statue
   221 | D        | Found a shadowy altar of Dithmenos.
   221 | D        | Found a snail-covered altar of Cheibriados.
   221 | D        | Found a viscous altar of Jiyva.
   226 | D        | Found a white marble altar of Elyvilon.
   226 | D        | Found an ancient bone altar of Kikubaaqudgha.
   226 | D        | Found a hazy altar of Hepliaklqana.
   226 | D        | Found a sacrificial altar of Ru.
   227 | D        | Found a blossoming altar of Fedhas.
   227 | D        | Found a corrupted altar of Lugonu.
   227 | D        | Found a shimmering blue altar of Sif Muna.
   228 | D        | Found a stormy altar of Qazlal.
   228 | D        | Found an ornate altar of the Wu Jian Council.
   229 | D        | Found an opulent altar of Gozag.
   229 | D        | Found a burning altar of Makhleb.
   229 | D        | Found a bloodstained altar of Trog.
   229 | D        | Found a shimmering altar of Xom.
   238 | D        | Found a glowing golden altar of the Shining One.
   238 | D        | Found a basalt altar of Yredelemnul.
   238 | D        | Found a hide-covered altar of Uskayaw.
   239 | D        | Found a glowing silver altar of Zin.
   269 | D        | Noticed a polar bear
   269 | D        | Noticed a polar bear
   270 | D        | Noticed a yaktaur
   275 | D        | Killed a polar bear
   275 | D        | Noticed a polar bear
   275 | D        | Noticed a hornet
   278 | D        | Killed a polar bear
   279 | D        | Reached skill level 10 in Dodging
   279 | D        | Reached skill level 13 in Unarmed Combat
   284 | D        | Killed a polar bear
   285 | D        | Reached XP level 9. HP: 54/101 MP: 8/8
   290 | D        | Reached ****** piety under Trog
   291 | D        | Shot with a bolt by a yaktaur

Illustrated notes

Levels and vault maps discovered:
D:        the_violet_keep_of_menkaure [sprint2_stairs_cluster_1,
          sprint2_shoproom, sprint2_temple, sprint2_basic_supplies,
          sprint2_obstacle_6, sprint2_obstacle_2, sprint2_obstacle_5,
          sprint2_obstacle_3, sprint2_obstacle_7, sprint2_timed_cluster_1,
          sprint2_smallroom_cluster_1, sprint2_smallroom_final_cluster_1,
          sprint2_transparent_cluster_1, sprint2_second_timed_cluster_1,
          sprint2_sniper_area_1, sprint2_heavy_combat_area_1,
          sprint2_mutation_trap_area_1, sprint2_forest_area_1,
          sprint2_light_combat_area_1, sprint2_behind_water_1,
          sprint2_near_end_vault_1]

Skill      XL: |  1  2  3  4  5  6  7  8 |
---------------+-------------------------+-----
Fighting       | 6 7 8 9 |  9.9
Dodging        | 6 8 9 10 | 10.4
Unarmed Combat | 8 9 11 13 | 13.7

Action                     |  1- 3 |  4- 6 |  7- 9 || total
---------------------------+-------+-------+-------++-------
  Melee: Unarmed           |     7 |    12 |    48 ||    67
         Punch             |       |     1 |     3 ||     4
 Invoke: Berserk           |     1 |       |       ||     1
 Armour: Animal skin       |       |     2 |     5 ||     7
  Dodge: Dodged            |     3 |     9 |    26 ||    38

Table legend: (Time is in decaauts)
 A = Elapsed time spent in this place.
 B = Non-inter-level travel time spent in this place.
 C = Inter-level travel time spent in this place.
 D = Time resting spent in this place.
 E = Time spent auto-exploring this place.
 F = Levels seen in this place.
 G = Mean time per level.
                   A        B        C        D        E       F      G
               +--------+--------+--------+--------+--------+-----+--------+
         Total |    287 |    271 |     16 |     50 |     63 |   1 |  287.0 |
       Dungeon |    287 |    271 |     16 |     50 |     63 |   1 |  287.0 |
               +--------+--------+--------+--------+--------+-----+--------+

Top non-repeatable levels by time:
       D: 287 daAuts
